General information
			
			
        
        - name: BNet
 
        - type: Ladder team game (AT/RT)
 
        - host: Battle.net
 
        - saver: iNT]DOGANDHORSE
 
        
map: Slalom 
        - players: 8
 
        - length: 30:21
 
        - speed: Fast
 - version: 1.22 W3XP
 - replay type:  

 
» download(256 KB)
Players
        team 1 (loser) 
              
              
MLP (
yellow | 42 APM | 1273 actions | 30:19)
              
 4 Demon Hunter 
 2 Immolation
 2 Mana Burn
 
                » actions 
                
                | Basic commands | 7 |  | 
| Build / train | 69 |  | 
| Enter build submenu | 20 |  | 
| Enter hero's abilities submenu | 4 |  | 
| Remove unit from queue | 3 |  | 
| Right click | 852 |  | 
| Select / deselect | 269 |  | 
| Use ability | 49 |  | 
                1273 total
 » units 
                
                | Wisp | 9 |  | 
| Huntress | 32 |  | 
| Druid of the Claw | 2 |  | 
                43 total
 » upgrades
                
                | Moon Armor | 4 |  | 
| Strength of the Moon | 3 |  | 
| Ultravision | 1 |  | 
| Druid of the Claw Training | 2 |  | 
| Improved Bows | 1 |  | 
| Sentinel | 1 |  | 
| Upgrade Moon Glaive | 1 |  | 
| Marksmanship | 1 |  | 
| Mark of the Claw | 1 |  | 
| Well Spring | 1 |  | 
                16 total
 » buildings
                
                | Moon Well | 10 |  | 
| Altar of Elders | 1 |  | 
| Ancient of War | 1 |  | 
| Hunter's Hall | 1 |  | 
| Tree of Ages | 1 |  | 
| Ancient Protector | 2 |  | 
| Ancient of Lore | 1 |  | 
| Tree of Eternity | 1 |  | 
                18 total
 » build order
                00:36 Moon Well
00:50 Altar of Elders
01:04 Moon Well
01:39 Ancient of War
01:59 Moon Well
03:06 Hunter's Hall
05:33 Moon Well
06:02 Moon Well
06:30 Moon Well
07:04 Tree of Ages
07:17 Ancient Protector
07:26 Moon Well
08:27 Ancient Protector
13:38 Ancient of Lore
14:37 Moon Well
14:49 Tree of Eternity
15:40 Moon Well
16:58 Moon Well
 
               
              
              
nice_and_uartig (
purple | 41 APM | 1209 actions | 29:32)
              
 2 Demon Hunter 
 1 Evasion
 1 Immolation
 
                » actions 
                
                | Assign group hotkey | 20 |  | 
| Build / train | 54 |  | 
| Enter build submenu | 23 |  | 
| Enter hero's abilities submenu | 2 |  | 
| Remove unit from queue | 2 |  | 
| Right click | 642 |  | 
| Select / deselect | 195 |  | 
| Select group hotkey | 244 |  | 
| Use ability | 27 |  | 
                1209 total
 » units 
                
                | Wisp | 10 |  | 
| Huntress | 8 |  | 
| Chimaera | 13 |  | 
| Dryad | 5 |  | 
                36 total
 » upgrades
                
                | Moon Armor | 3 |  | 
| Strength of the Moon | 3 |  | 
| Sentinel | 1 |  | 
| Corrosive Breath | 1 |  | 
| Abolish Magic | 1 |  | 
| Upgrade Moon Glaive | 1 |  | 
                10 total
 » buildings
                
                | Altar of Elders | 1 |  | 
| Moon Well | 10 |  | 
| Ancient of War | 1 |  | 
| Hunter's Hall | 1 |  | 
| Tree of Ages | 1 |  | 
| Ancient of Lore | 2 |  | 
| Tree of Eternity | 1 |  | 
| Ancient of Wind | 4 |  | 
| Chimaera Roost | 1 |  | 
                22 total
 » build order
                00:07 Altar of Elders
00:26 Moon Well
00:44 Ancient of War
01:58 Hunter's Hall
02:29 Moon Well
03:43 Moon Well
05:29 Tree of Ages
06:03 Moon Well
07:04 Moon Well
08:19 Ancient of Lore
08:51 Tree of Eternity
09:08 Ancient of Wind
09:20 Ancient of Wind
09:49 Ancient of Wind
09:59 Ancient of Wind
11:20 Chimaera Roost
12:05 Ancient of Lore
13:02 Moon Well
13:33 Moon Well
17:03 Moon Well
17:24 Moon Well
19:30 Moon Well
 
               
              
              
PQlse_manden (
blue | 81 APM | 2389 actions | 29:31)
              
 3 Blademaster 
 2 Wind Walk
 1 Critical Strike
 
                » actions 
                
                | Assign group hotkey | 26 |  | 
| Basic commands | 28 |  | 
| Build / train | 52 |  | 
| ESC pressed | 1 |  | 
| Enter build submenu | 18 |  | 
| Enter hero's abilities submenu | 3 |  | 
| Right click | 1105 |  | 
| Select / deselect | 729 |  | 
| Select group hotkey | 398 |  | 
| Use ability | 29 |  | 
                2389 total
 » units 
                
                | Peon | 13 |  | 
| Troll Headhunter/Berserker | 8 |  | 
| Demolisher | 9 |  | 
| Tauren | 9 |  | 
                39 total
 » upgrades
                
                | Ranged Weapons | 2 |  | 
| Armor | 2 |  | 
| Burning Oil | 1 |  | 
| Pulverize | 1 |  | 
| Melee Weapons | 1 |  | 
                7 total
 » buildings
                
                | Altar of Storms | 1 |  | 
| Orc Burrow | 8 |  | 
| Barracks | 2 |  | 
| War Mill | 1 |  | 
| Stronghold | 1 |  | 
| Voodoo Lounge | 1 |  | 
| Great Hall | 1 |  | 
| Fortress | 1 |  | 
| Tauren Totem | 1 |  | 
| Beastiary | 1 |  | 
                18 total
 » build order
                00:04 Altar of Storms
00:19 Orc Burrow
00:52 Barracks
01:40 Orc Burrow
02:06 War Mill
02:45 Barracks
03:51 Orc Burrow
04:40 Orc Burrow
05:22 Stronghold
05:40 Voodoo Lounge
06:11 Orc Burrow
08:26 Great Hall
08:39 Fortress
13:37 Orc Burrow
13:40 Tauren Totem
20:03 Orc Burrow
20:07 Orc Burrow
25:50 Beastiary
 
               
              
              
SpAsserlam (
red | 69 APM | 2042 actions | 29:27)
              
 3 Blademaster 
 2 Wind Walk
 1 Critical Strike
 
                » actions 
                
                | Assign group hotkey | 26 |  | 
| Basic commands | 52 |  | 
| Build / train | 63 |  | 
| Enter build submenu | 16 |  | 
| Enter hero's abilities submenu | 3 |  | 
| Give item / drop item | 1 |  | 
| Remove unit from queue | 2 |  | 
| Right click | 747 |  | 
| Select / deselect | 317 |  | 
| Select group hotkey | 739 |  | 
| Use ability | 76 |  | 
                2042 total
 » units 
                
                | Peon | 12 |  | 
| Wind Rider | 14 |  | 
| Shaman | 5 |  | 
| Troll Witch Doctor | 6 |  | 
| Troll Batrider | 3 |  | 
                40 total
 » upgrades
                
                | Armor | 1 |  | 
| Melee Weapons | 2 |  | 
| Shaman Training | 2 |  | 
| Witch Doctor Training | 2 |  | 
| Liquid Fire | 1 |  | 
                8 total
 » buildings
                
                | Orc Burrow | 8 |  | 
| Altar of Storms | 1 |  | 
| Stronghold | 3 |  | 
| War Mill | 1 |  | 
| Voodoo Lounge | 1 |  | 
| Beastiary | 2 |  | 
| Great Hall | 1 |  | 
| Spirit Lodge | 2 |  | 
| Fortress | 1 |  | 
                20 total
 » build order
                00:06 Orc Burrow
00:55 Altar of Storms
02:08 Stronghold
02:08 Stronghold
02:14 Orc Burrow
02:37 War Mill
03:11 Orc Burrow
03:14 Orc Burrow
04:14 Voodoo Lounge
04:35 Beastiary
04:38 Beastiary
04:52 Orc Burrow
05:50 Orc Burrow
10:19 Great Hall
10:30 Spirit Lodge
10:32 Fortress
11:52 Spirit Lodge
13:31 Orc Burrow
17:13 Orc Burrow
» items
                
                | Potion of Healing | 1 |  | 
| Healing Salve | 2 |  | 
| Lesser Clarity Potion | 1 |  | 
| Scroll of Speed | 1 |  | 
                5 total
  
               team 2 (winner) 
              
              
AlasPoorYorick (
green | 70 APM | 2130 actions | 30:20)
              
 4 Goblin Alchemist 
 2 Chemical Rage
 2 Healing Spray
 4 Goblin Tinker 
 2 Pocket Factory
 2 Engineering Upgrade
 3 Pit Lord 
 2 Rain of Fire
 1 Cleaving Attack
 
                » actions 
                
                | Assign group hotkey | 7 |  | 
| Basic commands | 82 |  | 
| Build / train | 75 |  | 
| ESC pressed | 3 |  | 
| Enter build submenu | 32 |  | 
| Enter hero's abilities submenu | 11 |  | 
| Give item / drop item | 3 |  | 
| Right click | 1130 |  | 
| Select / deselect | 416 |  | 
| Select group hotkey | 273 |  | 
| Use ability | 96 |  | 
                2130 total
 » units 
                
                | Wisp | 31 |  | 
| Nerubian Warrior | 1 |  | 
| Ice Troll Berserker | 1 |  | 
| Nerubian Webspinner | 1 |  | 
| Frost Revenant | 1 |  | 
                35 total
 » upgrades
                
                | Ultravision | 1 |  | 
| Strength of the Wild | 3 |  | 
| Reinforced Hides | 3 |  | 
| Nature's Blessing | 1 |  | 
| Well Spring | 1 |  | 
| Corrosive Breath | 1 |  | 
                10 total
 » buildings
                
                | Altar of Elders | 3 |  | 
| Moon Well | 21 |  | 
| Tree of Life | 3 |  | 
| Hunter's Hall | 1 |  | 
| Tree of Ages | 1 |  | 
| Tree of Eternity | 1 |  | 
| Ancient of Wind | 1 |  | 
| Ancient of Wonders | 2 |  | 
| Chimaera Roost | 5 |  | 
                38 total
 » build order
                00:07 Altar of Elders
00:19 Moon Well
01:27 Altar of Elders
01:45 Moon Well
02:38 Moon Well
03:28 Moon Well
03:33 Moon Well
04:04 Moon Well
04:48 Tree of Life
05:17 Moon Well
05:59 Hunter's Hall
06:23 Moon Well
07:14 Tree of Ages
07:19 Moon Well
07:43 Moon Well
07:44 Moon Well
07:48 Moon Well
07:49 Moon Well
08:16 Tree of Life
09:46 Tree of Eternity
11:00 Ancient of Wind
11:44 Moon Well
11:53 Ancient of Wonders
11:56 Ancient of Wonders
12:45 Moon Well
12:48 Moon Well
12:49 Moon Well
13:19 Chimaera Roost
13:23 Chimaera Roost
15:10 Tree of Life
15:25 Moon Well
15:26 Moon Well
15:27 Moon Well
15:28 Moon Well
17:55 Chimaera Roost
19:35 Chimaera Roost
21:22 Chimaera Roost
26:44 Altar of Elders
» items
                
                | Boots of Speed | 3 |  | 
| Staff of Teleportation | 3 |  | 
| Circlet of Nobility | 3 |  | 
| Periapt of Vitality | 1 |  | 
| Orb of Venom | 2 |  | 
| Orb of Fire | 1 |  | 
| Scroll of Town Portal | 1 |  | 
                14 total
  
               
              
              
» 
Friendsly (
pink | 74 APM | 2244 actions | 30:20)
              
 5 Blood Mage 
 3 Flame Strike
 2 Siphon Mana
 4 Paladin 
 2 Holy Light
 1 Divine Shield
 1 Devotion Aura
 
                » actions 
                
                | Assign group hotkey | 4 |  | 
| Basic commands | 33 |  | 
| Build / train | 58 |  | 
| ESC pressed | 1 |  | 
| Enter build submenu | 13 |  | 
| Enter hero's abilities submenu | 9 |  | 
| Give item / drop item | 8 |  | 
| Right click | 1193 |  | 
| Select / deselect | 151 |  | 
| Select group hotkey | 637 |  | 
| Use ability | 137 |  | 
                2244 total
 » units 
                » upgrades
                
                | Masonry | 3 |  | 
| Lumber Harvesting | 2 |  | 
| Magic Sentry | 1 |  | 
                6 total
 » buildings
                
                | Altar of Kings | 1 |  | 
| Farm | 3 |  | 
| Town Hall | 4 |  | 
| Keep | 1 |  | 
| Lumber Mill | 2 |  | 
| Castle | 1 |  | 
| Arcane Sanctum | 1 |  | 
| Arcane Vault | 2 |  | 
                15 total
 » build order
                00:11 Altar of Kings
00:27 Farm
01:18 Farm
04:26 Farm
04:58 Town Hall
06:35 Keep
06:41 Lumber Mill
09:00 Castle
09:02 Arcane Sanctum
09:13 Arcane Vault
09:16 Arcane Vault
12:51 Town Hall
12:59 Town Hall
13:15 Lumber Mill
14:05 Town Hall
» items
                
                | Boots of Speed | 2 |  | 
| Staff of Sanctuary | 2 |  | 
| Staff of Teleportation | 2 |  | 
| Orb of Venom | 2 |  | 
                8 total
  
               
              
              
iNT]DOGANDHORSE (
orange | 106 APM | 3229 actions | 30:20)
              
 4 Pandaren Brewmaster 
 2 Breath of Fire
 2 Drunken Haze
 3 Pit Lord 
 2 Rain of Fire
 1 Cleaving Attack
 3 Goblin Tinker 
 2 Cluster Rockets
 1 Engineering Upgrade
 
                » actions 
                
                | Assign group hotkey | 7 |  | 
| Basic commands | 9 |  | 
| Build / train | 132 |  | 
| Enter build submenu | 106 |  | 
| Enter hero's abilities submenu | 10 |  | 
| Give item / drop item | 6 |  | 
| Remove unit from queue | 1 |  | 
| Right click | 1732 |  | 
| Select / deselect | 489 |  | 
| Select group hotkey | 452 |  | 
| Use ability | 285 |  | 
                3229 total
 » units 
                
                | Peasant | 24 |  | 
| Priest | 2 |  | 
| Sorceress | 5 |  | 
                31 total
 » upgrades
                
                | Masonry | 3 |  | 
| Lumber Harvesting | 1 |  | 
| Magic Sentry | 1 |  | 
| Priest Training | 2 |  | 
| Sorceress Training | 1 |  | 
| Backpack | 1 |  | 
                9 total
 » buildings
                
                | Lumber Mill | 2 |  | 
| Farm | 5 |  | 
| Altar of Kings | 2 |  | 
| Scout Tower | 116 |  | 
| Guard Tower | 57 |  | 
| Arcane Tower | 4 |  | 
| Keep | 1 |  | 
| Town Hall | 1 |  | 
| Castle | 2 |  | 
| Arcane Sanctum | 1 |  | 
| Arcane Vault | 1 |  | 
                192 total
 » build order
                00:44 Lumber Mill
00:49 Lumber Mill
01:14 Farm
01:21 Altar of Kings
01:32 Scout Tower
01:36 Scout Tower
01:39 Altar of Kings
01:45 Scout Tower
01:46 Scout Tower
01:47 Scout Tower
01:52 Farm
02:01 Scout Tower
02:02 Scout Tower
02:03 Scout Tower
02:04 Scout Tower
02:06 Scout Tower
02:09 Guard Tower
02:09 Arcane Tower
02:10 Scout Tower
02:11 Scout Tower
02:14 Scout Tower
02:28 Scout Tower
02:28 Scout Tower
02:32 Scout Tower
02:32 Scout Tower
02:35 Scout Tower
02:36 Arcane Tower
02:37 Guard Tower
02:38 Scout Tower
02:39 Scout Tower
02:50 Guard Tower
02:52 Scout Tower
02:53 Scout Tower
02:58 Farm
03:08 Guard Tower
03:08 Guard Tower
03:09 Guard Tower
03:10 Guard Tower
03:12 Scout Tower
03:13 Guard Tower
03:13 Guard Tower
03:20 Scout Tower
03:22 Scout Tower
03:40 Guard Tower
03:44 Scout Tower
03:44 Scout Tower
03:45 Scout Tower
03:47 Guard Tower
03:48 Scout Tower
03:49 Scout Tower
03:49 Scout Tower
03:53 Scout Tower
03:54 Scout Tower
04:06 Scout Tower
04:07 Scout Tower
04:14 Keep
04:16 Arcane Tower
04:42 Guard Tower
04:42 Guard Tower
04:51 Guard Tower
05:02 Guard Tower
05:16 Guard Tower
05:22 Guard Tower
06:04 Scout Tower
06:05 Scout Tower
06:32 Scout Tower
06:33 Scout Tower
06:47 Scout Tower
07:01 Guard Tower
07:09 Town Hall
07:13 Scout Tower
07:14 Scout Tower
07:14 Scout Tower
07:17 Scout Tower
07:18 Scout Tower
07:18 Scout Tower
07:19 Guard Tower
07:20 Guard Tower
07:21 Scout Tower
07:23 Scout Tower
07:26 Scout Tower
07:27 Scout Tower
08:00 Guard Tower
08:02 Guard Tower
08:03 Scout Tower
08:03 Castle
08:03 Castle
08:10 Guard Tower
08:28 Guard Tower
08:31 Arcane Sanctum
08:34 Arcane Vault
08:35 Guard Tower
08:52 Guard Tower
08:53 Scout Tower
08:54 Scout Tower
08:55 Scout Tower
08:58 Scout Tower
08:59 Scout Tower
09:00 Guard Tower
09:01 Scout Tower
09:02 Scout Tower
09:05 Scout Tower
09:21 Guard Tower
09:30 Guard Tower
09:56 Arcane Tower
09:56 Guard Tower
09:56 Guard Tower
10:13 Scout Tower
10:14 Scout Tower
10:16 Guard Tower
10:29 Scout Tower
10:30 Scout Tower
10:31 Scout Tower
10:32 Scout Tower
10:32 Scout Tower
10:41 Scout Tower
10:44 Scout Tower
10:46 Scout Tower
10:47 Scout Tower
10:47 Scout Tower
10:49 Scout Tower
10:49 Scout Tower
11:23 Guard Tower
11:24 Scout Tower
11:25 Scout Tower
11:26 Scout Tower
11:27 Guard Tower
11:36 Guard Tower
11:58 Guard Tower
12:01 Scout Tower
12:02 Scout Tower
12:03 Scout Tower
12:09 Guard Tower
12:23 Scout Tower
12:27 Guard Tower
12:33 Guard Tower
13:02 Guard Tower
13:26 Guard Tower
13:29 Scout Tower
13:30 Scout Tower
13:33 Scout Tower
13:51 Scout Tower
13:52 Scout Tower
13:52 Scout Tower
13:53 Scout Tower
13:55 Scout Tower
14:10 Guard Tower
14:17 Guard Tower
14:30 Guard Tower
14:33 Scout Tower
14:34 Scout Tower
14:39 Scout Tower
14:41 Scout Tower
14:42 Scout Tower
14:43 Scout Tower
14:49 Guard Tower
15:13 Guard Tower
15:17 Guard Tower
15:19 Scout Tower
15:20 Scout Tower
16:31 Guard Tower
16:32 Scout Tower
16:33 Scout Tower
16:34 Scout Tower
16:35 Scout Tower
16:35 Scout Tower
16:36 Scout Tower
16:38 Guard Tower
16:40 Scout Tower
16:53 Scout Tower
16:56 Scout Tower
17:02 Scout Tower
17:50 Guard Tower
17:53 Scout Tower
17:54 Scout Tower
17:54 Scout Tower
17:55 Scout Tower
17:57 Scout Tower
18:27 Guard Tower
18:34 Guard Tower
19:15 Guard Tower
19:39 Guard Tower
21:33 Scout Tower
21:35 Scout Tower
21:36 Scout Tower
21:36 Scout Tower
21:37 Scout Tower
22:31 Guard Tower
22:45 Guard Tower
24:49 Farm
26:34 Farm
» items
                
                | Boots of Speed | 3 |  | 
| Staff of Teleportation | 3 |  | 
| Scroll of Town Portal | 1 |  | 
| Staff of Sanctuary | 3 |  | 
| Potion of Lesser Invulnerability | 1 |  | 
| Orb of Venom | 2 |  | 
                13 total
  
               
              
              
» 
ObamalsOsama (
teal | 100 APM | 3037 actions | 30:20)
              
 7 Priestess of the Moon 
 3 Searing Arrows
 3 Trueshot Aura
 1 Starfall
 
                » actions 
                
                | Assign group hotkey | 189 |  | 
| Basic commands | 55 |  | 
| Build / train | 87 |  | 
| ESC pressed | 7 |  | 
| Enter build submenu | 21 |  | 
| Enter hero's abilities submenu | 8 |  | 
| Give item / drop item | 10 |  | 
| Right click | 1624 |  | 
| Select / deselect | 206 |  | 
| Select group hotkey | 691 |  | 
| Use ability | 139 |  | 
                3037 total
 » units 
                
                | Wisp | 29 |  | 
| Nerubian Warrior | 1 |  | 
| Ice Troll Berserker | 1 |  | 
| Nerubian Webspinner | 1 |  | 
| Frost Revenant | 3 |  | 
| Druid of the Talon | 11 |  | 
| Hippogryph | 1 |  | 
                47 total
 » upgrades
                
                | Druid of the Talon Training | 2 |  | 
| Mark of the Talon | 1 |  | 
| Strength of the Wild | 2 |  | 
| Reinforced Hides | 2 |  | 
| Well Spring | 1 |  | 
| Hippogryph Taming | 1 |  | 
| Ultravision | 1 |  | 
                10 total
 » buildings
                
                | Altar of Elders | 2 |  | 
| Moon Well | 13 |  | 
| Tree of Ages | 3 |  | 
| Tree of Eternity | 2 |  | 
| Ancient of Wind | 2 |  | 
| Ancient of Wonders | 1 |  | 
| Tree of Life | 1 |  | 
| Hunter's Hall | 1 |  | 
                25 total
 » build order
                00:21 Altar of Elders
00:34 Moon Well
02:16 Moon Well
03:04 Moon Well
03:14 Moon Well
03:34 Tree of Ages
04:08 Moon Well
05:43 Altar of Elders
06:46 Tree of Eternity
06:46 Tree of Eternity
06:57 Ancient of Wind
08:58 Ancient of Wind
08:58 Moon Well
09:04 Ancient of Wonders
09:17 Moon Well
11:10 Tree of Life
13:12 Hunter's Hall
14:47 Moon Well
15:51 Moon Well
16:55 Moon Well
18:10 Moon Well
19:19 Moon Well
22:35 Moon Well
» items
                
                | Boots of Speed | 1 |  | 
| Staff of Teleportation | 1 |  | 
| Circlet of Nobility | 1 |  | 
| Scroll of Regeneration | 2 |  | 
| Lesser Clarity Potion | 1 |  | 
| Potion of Healing | 5 |  | 
| Orb of Venom | 4 |  | 
| Orb of Fire | 2 |  | 
                17 total
  
                Chat log
          
(19:00 / All) iNT]DOGANDHORSE: nice yellow
(19:03 / All) iNT]DOGANDHORSE: nice hunt micro
(23:38 / All) iNT]DOGANDHORSE: HEY
(23:40 / All) iNT]DOGANDHORSE: from noobs?
(27:11 / All) ObamalsOsama: rollin rollin rollin
(27:15 / All) iNT]DOGANDHORSE: Psssssssssh
(28:42 / All) ObamalsOsama: NOOOOOO
(28:55 / Allies) ObamalsOsama: haha
(29:42 / All) iNT]DOGANDHORSE: http://highper.ch/